 Dungeon Crawl Stone Soup version 0.19.4 (webtiles) character file.

98 Jynx the Shield-Bearer (level 4, -3/41 HPs)
             Began as a Minotaur Fighter on Feb 5, 2017.
             Slain by Jynx's ghost (11 damage)
             ... on level 3 of the Dungeon.
             The game lasted 00:01:53 (1933 turns).

Jynx the Shield-Bearer (Minotaur Fighter)           Turns: 1933, Time: 00:01:53

Health: -3/41      AC:  7    Str: 20    XL:     4   Next: 44%
Magic:  3/3        EV:  7    Int:  5    God:
Gold:   86         SH:  9    Dex: 11    Spells: 0 memorised, 3 levels left

rFire  . . .     SeeInvis .     a - +0 long sword
rCold  . . .     Gourm    .     b - +0 scale mail
rNeg   . . .     Faith    .     c - +0 shield
rPois  .         Spirit   .     (helmet restricted)
rElec  .         Reflect  .     (no cloak)
rCorr  .         Harm     .     (no gloves)
MR     .....                    (no boots)
Stlth  ..........               (no amulet)
                                (no ring)
                                (no ring)

@: no status effects
A: retaliatory headbutt, horns 2
a: no special abilities


You were on level 3 of the Dungeon.
You were not hungry.

You visited 1 branch of the dungeon, and saw 3 of its levels.

You collected 86 gold pieces.

Inventory:

Hand Weapons
 a - a +0 long sword (weapon)
Armour
 b - a +0 scale mail (worn)
 c - a +0 shield (worn)
Jewellery
 p - an uncursed amulet of rage {unknown}
Scrolls
 e - a scroll of immolation {unknown}
 h - 3 scrolls of identify {unknown}
 k - 4 scrolls of remove curse {unknown}
 n - a scroll of magic mapping {unknown}
 r - a scroll of fear {unknown}
Potions
 d - a potion of might
 g - 2 potions of lignification {unknown}
 i - a potion of degeneration {unknown}
 j - a potion of flight {unknown}
 l - 2 potions of curing {unknown}
Comestibles
 f - 3 bread rations
 m - 3 meat rations
 q - 2 fruits


   Skills:
 + Level 4.4 Fighting
 * Level 3.4 Long Blades
 + Level 4.3 Armour
 + Level 4.5 Shields


You had 3 spell levels left.
You didn't know any spells.

Dungeon Overview and Level Annotations

Branches:
Dungeon (3/15)

Altars:

Annotations:
D:3 Jynx's ghost, amateur MiFi


Innate Abilities, Weirdness & Mutations

You reflexively headbutt those who attack you in melee.
You have a pair of horns on your head.


Message History

Jynx's ghost is heavily damaged.
Jynx's ghost hits you but does no damage.
You hit Jynx's ghost. Your headbutt misses Jynx's ghost.
Jynx's ghost is heavily damaged.
You block Jynx's ghost's attack.
You barely miss Jynx's ghost. You headbutt Jynx's ghost!
Jynx's ghost is severely damaged.
Jynx's ghost hits you. x2
You hit Jynx's ghost but do no damage.
Jynx's ghost is severely damaged.
Jynx's ghost hits you!
You hit Jynx's ghost but do no damage.
Jynx's ghost is severely damaged.
Jynx's ghost hits you but does no damage.
You hit Jynx's ghost but do no damage.
Jynx's ghost is severely damaged.
Jynx's ghost hits you!
* * * LOW HITPOINT WARNING * * *
Jynx's ghost hits you!
You die...

#.# #.# ######
#.# #...... #.#
....... #.#
....<..
##.#####.......
#.....[W.......
#..#####.......
#.W@..# .......
#.....# ......>
#.....# .......
#.....# .......
......# W......
.#..####
....... ..#...
.. #..


You could see Jynx's ghost.

Vanquished Creatures
  An orc wizard (D:3)
  A gnoll (D:1)
  An adder (D:2)
  A worm (D:3)
  3 leopard geckos (D:2)
  3 orcs (D:3)
  2 bats (D:1)
  2 giant cockroaches (D:2)
  2 goblins (D:1)
  10 hobgoblins
  7 kobolds
  A frilled lizard (D:2)
  5 rats
39 creatures vanquished.

Notes
Turn   | Place    | Note
-------+----------+-------------------------------------------
     0 | D:1      | Jynx the Minotaur Fighter began the quest for the Orb.
     0 | D:1      | Reached XP level 1. HP: 19/19 MP: 0/0
    69 | D:1      | Reached XP level 2. HP: 27/27 MP: 1/1
   697 | D:2      | Reached XP level 3. HP: 33/33 MP: 2/2
  1507 | D:3      | Noticed Jynx's ghost (amateur MiFi)
  1523 | D:3      | Reached XP level 4. HP: 25/41 MP: 3/3
  1933 | D:3      | Slain by Jynx's ghost

Skill      XL: |  1  2  3 |
---------------+----------+-----
Armour         | 4 |  4.3
Fighting       | 4 |  4.4
Shields        | 4 |  4.5
Long Blades    | 3 |  3.4

Action                   |  1- 3 |  4- 6 || total
-------------------------+-------+-------++-------
Melee: Long sword        |    77 |    24 ||   101
       Headbutt          |     8 |     3 ||    11
  Eat: Chunk             |     1 |     2 ||     3
Armor: Scale mail        |    22 |     7 ||    29
Dodge: Dodged            |    19 |     6 ||    25
Block: Shield            |    34 |    10 ||    44
       Rpst.: Long sword |     3 |     3 ||     6
